 Dungeon Crawl Stone Soup version 0.32-a0-986-ga09f62fbf4 (webtiles) character file.

Game seed: 552270724591242908

276924 MrSquiggles the Warrior (level 21, -4/136 HPs)
             Began as a Gargoyle Fighter on Apr 22, 2024.
             Was a High Priest of the Shining One.
             Slain by an iron troll (13 damage)
             ... summoned by a glowing orange brain
             ... on level 2 of the Depths.
             The game lasted 01:57:31 (32935 turns).

MrSquiggles the Warrior (Gargoyle Fighter)         Turns: 32935, Time: 01:57:32

Health: -4/136     AC: 46    Str: 24    XL:     21   Next: 12%
Magic:  0/32       EV: 23    Int: 15    God:    the Shining One [*****.]
Gold:   3325       SH: 16    Dex: 29    Spells: 20/20 levels left

rFire   + + .        b - +5 scimitar (protect)
rCold   + + .        C - +0 kite shield
rNeg    + + +        G - +5 fire dragon scales
rPois   ∞            W - +2 hat of the Bear Spirit {Spirit, Bear, *Rage Will++}
rElec   +            w - +0 cloak
rCorr   +            O - +4 pair of gloves of the Spheres {rPois Str+2 Int+5}
SInv    .            m - +1 pair of boots "Cumidiufu" {Dex+2}
Will    +++..        o - amulet "Dyasotz" {Acrobat -Tele rC+++ Regen+ rCorr}
Stlth   +            K - +6 ring of dexterity
HPRegen 1.22/turn    Y - +6 ring of dexterity
MPRegen 0.23/turn

%: no teleportation, random rage (20%), acrobat, guardian spirit
@: on berserk cooldown, flying, slowed, glowing, very slow
A: sickness immunity, AC +16, big wings, negative energy resistance 1,
electricity resistance, torment resistance 1, petrification resistance, clumsy 1
a: Renounce Religion, Divine Shield, Cleansing Flame, Summon Divine Warrior


You were on level 2 of the Depths.
You worshipped the Shining One.
The Shining One was extremely pleased with you.
You visited 5 branches of the dungeon, and saw 27 of its levels.
You visited the Abyss 3 times.
You also visited: Bailey and Gauntlet.

You collected 4614 gold pieces.
You spent 1289 gold pieces at shops.

Inventory:

Hand Weapons
 b - a +5 scimitar of protection (weapon)
 c - a +1 scimitar of flaming
 f - the +10 long sword "Vyliucw" {heavy, Will+}
   (You took it off a deep elf zephyrmancer on level 3 of the Elven Halls)

   Will+:     It increases your willpower.
Missiles
 q - 19 poisoned darts (quivered)
 u - 20 boomerangs
 y - 2 atropa-tipped darts
 z - 7 javelins
 V - 5 datura-tipped darts
Armour
 m - the +1 pair of boots "Cumidiufu" (worn) {Dex+2}
   (You found it in a Gauntlet)

   Dex+2:     It affects your dexterity (+2).
 w - a +0 cloak (worn)
 C - a +0 kite shield (worn)
 G - +5 fire dragon scales (worn)
 O - the +4 pair of gloves of the Spheres (worn) {rPois Str+2 Int+5}
   (You found it in a Gauntlet)

   Str+2:     It affects your strength (+2).
   Int+5:     It affects your intelligence (+5).
   rPois:     It protects you from poison.
 W - the +2 hat of the Bear Spirit (worn) {Spirit, Bear, *Rage Will++}
   (You found it on level 2 of the Depths)

   Bear:      Going berserk makes the wearer exceptionally tough, and they are
   slowed for a shorter time afterward.
   Will++:    It greatly increases your willpower.
   *Rage:     It berserks you when you make melee attacks (+20% chance).
Jewellery
 o - the amulet "Dyasotz" (around neck) {Acrobat -Tele rC+++ Regen+ rCorr}
   (You acquired it on level 3 of the Dungeon)

   [amulet of the acrobat]

   Acrobat:   It increases your evasion while moving and waiting.
   rC+++:     It renders you almost immune to cold.
   -Tele:     It prevents most forms of teleportation.
   Regen+:    It increases your rate of health regeneration.
   rCorr:     It protects you from acid and corrosion.
 K - a +6 ring of dexterity (left hand)
 X - the ring "Houmuit" {Wiz rF++}
   (You took it off a deep elf zephyrmancer on level 3 of the Elven Halls)

   [ring of wizardry]

   Wiz:       It improves your spell success rate.
   rF++:      It greatly protects you from fire.
 Y - a +6 ring of dexterity (right hand)
Wands
 s - a wand of digging (6)
 t - a wand of polymorph (47)
 A - a wand of iceblast (2)
 F - a wand of flame (13)
 J - a wand of mindburst (17)
 N - a wand of paralysis (16)
Scrolls
 d - 4 scrolls of noise
 e - 5 scrolls of blinking
 g - 5 scrolls of fog
 k - 2 scrolls of silence
 l - 4 scrolls of poison
 n - 13 scrolls of teleportation
 r - a scroll of enchant armour
 v - 3 scrolls of revelation
 E - 6 scrolls of immolation
 L - 5 scrolls of enchant weapon
 M - 5 scrolls of identify
 Q - 2 scrolls of summoning
 T - 4 scrolls of vulnerability
Potions
 a - a potion of magic
 i - a potion of haste
 j - 6 potions of cancellation
 p - 7 potions of curing
 x - 2 potions of might
 B - 4 potions of attraction
 H - 4 potions of lignification
 I - 5 potions of berserk rage
 R - a potion of mutation
 U - a potion of ambrosia {unknown}
 Z - a potion of enlightenment
Miscellaneous
 D - a lightning rod (inert)
 S - a phantom mirror


   Skills:
 + Level 15.9 Fighting
 - Level 14.0 Long Blades
 - Level 15.0 Armour
 - Level 15.0 Dodging
 - Level 15.0 Shields
 - Level 15.0 Invocations
 - Level 12.0 Evocations


You had 20 spell levels left.
You didn't know any spells.
Your spell library contained the following spells:

 Spells                   Type           Power      Damage    Failure   Level
 Apportation              Tloc           0%         N/A       65%         1
 Foxfire                  Conj/Fire      0%         2x1d4     65%         1
 Kiss of Death            Conj/Necr      0%         2d5       65%         1
 Magic Dart               Conj           0%         1d3       65%         1
 Necrotise                Necr           0%         1d4       65%         1
 Sandblast                Erth           0%         2d4       65%         1
 Slow                     Hex            0%         N/A       65%         1
 Sting                    Conj/Alch      0%         1d3       65%         1
 Summon Small Mammal      Summ           0%         N/A       65%         1
 Blink                    Tloc           0%         N/A       78%         2
 Call Imp                 Summ           0%         N/A       78%         2
 Searing Ray              Conj           0%         2d4       78%         2
 Call Canine Familiar     Summ           0%         N/A       95%         3
 Confusing Touch          Hex            0%         N/A       95%         3
 Hailstorm                Conj/Ice       0%         3d5       95%         3
 Inner Flame              Hex/Fire       0%         N/A       95%         3
 Maxwell's Portable Pile  Tloc           0%         2d(5-13)  95%         3
 Passwall                 Erth           0%         N/A       95%         3
 Sigil of Binding         Hex            0%         N/A       95%         3
 Stone Arrow              Conj/Erth      0%         3d7       95%         3
 Summon Ice Beast         Ice/Summ       0%         N/A       95%         3
 Teleport Other           Tloc           0%         N/A       95%         3
 Tukima's Dance           Hex            0%         N/A       95%         3
 Vampiric Draining        Necr           0%         2d6       95%         3
 Volatile Blastmotes      Fire/Tloc      0%         2d10      95%         3
 Anguish                  Hex/Necr       0%         N/A       100%        4
 Brom's Barrelling Bould  Conj/Erth      0%         2d3       100%        4
 Cause Fear               Hex            0%         N/A       100%        4
 Dimensional Bullseye     Hex/Tloc       0%         N/A       100%        4
 Dispel Undead            Necr           0%         3d6       100%        4
 Flame Wave               Conj/Fire      0%         2d4       100%        4
 Fulminant Prism          Conj/Alch      0%         3d5       100%        4
 Iskenderun's Mystic Bla Conj/Tloc 0%             2d3        (+2d1     100%        4
 Sticky Flame             Fire/Alch      0%         2d4       100%        4
 Summon Blazeheart Golem  Fire/Summ      0%         N/A       100%        4
 Fireball                 Conj/Fire      0%         3d3       100%        5
 Iskenderun's Battlesphe  Conj           0%         2d6       100%        5
 Summon Forest            Summ/Tloc      0%         N/A       100%        5
 Summon Mana Viper        Hex/Summ       0%         N/A       100%        5
 Conjure Ball Lightning   Conj/Air       0%         3x3d6     100%        6
 Dispersal                Tloc           0%         N/A       100%        6
 Gell's Gavotte           Tloc           0%         2d(11-16) 100%        6
 Permafrost Eruption      Ice/Erth       0%         2x4d1     100%        6
 Plasma Beam              Fire/Air       0%         2x1d10    100%        6
 Sculpt Simulacrum        Ice/Alch       0%         N/A       100%        6
 Starburst                Conj/Fire      0%         6d3       100%        6
 Enfeeble                 Hex            0%         N/A       100%        7
 Manifold Assault         Tloc           0%         N/A       100%        7
 Monstrous Menagerie      Summ           0%         N/A       100%        7
 Orb of Destruction       Conj           0%         9d5       100%        7
 Summon Hydra             Summ           0%         N/A       100%        7
 Disjunction              Tloc           0%         N/A       100%        8
 Fire Storm               Conj/Fire      0%         5d1       100%        9
 Sublimation of Blood     Necr           Unusable   N/A       N/A         2

Dungeon Overview and Level Annotations

Branches:
Dungeon (15/15)            Temple (0/1) D:5            Lair (5/5) D:9
 Shoals (0/4) Lair:3        Snake (0/4) Lair:2        Slime (0/5) Lair:4
    Orc (2/2) D:9             Elf (3/3) Orc:2        Vaults (0/5) D:13
 Depths (2/4) D:15         Bailey (visited)         Gauntlet (visited)

Altars:
Ashenzari
Cheibriados
Dithmenos
Elyvilon
Gozag
Uskayaw
Vehumet
Wu Jian
Yredelemnul
The Shining One
Beogh
Jiyva

Shops:
D:6 *   Orc:1 (   Orc:2 ?(*(

Portals:
Hell: Depths:1 Depths:2
Pandemonium: Depths:2
Trove: Elf:2 (give 2 scrolls of acquirement)

Annotations:
D:6 Maggie
D:8 retardedninja's ghost, journeyman MDFi
D:13 exclusion: statue
D:15 Roxanne
Depths:1 4 transporters


Innate Abilities, Weirdness & Mutations

You are immune to sickness and miasma.
Your stone body is resilient. (AC +16)
You are immune to poison.
Your large and strong wings let you fly.
You resist negative energy. (rN+)
You are resistant to electric shocks. (rElec)
You are resistant to unholy torment.
You are immune to petrification.
You are clumsy. (Dex -2)


Message History

The stone giant dissolves into shadows!
A great orb of eyes comes into view.
The stone giant throws a large rock.
The large rock hits you!!
* * * LOW HITPOINT WARNING * * *
As you read the scroll of fear, it crumbles to dust.
You assume a fearsome visage.
The deep troll shaman looks frightened!
The iron troll resists with some effort.
The glowing orange brain easily resists.
The stone giant looks frightened!
The tengu conjurer looks frightened!
The great orb of eyes easily resists.
The battlesphere is unaffected.
The deep troll looks frightened!
The iron troll resists with almost no effort.
The iron troll bites you but does no damage.
You block the iron troll's attack.
The iron troll claws you but does no damage.
Press: ? - help, v - describe, . - travel
Here: an iron troll (summoned, haloed)
A stone staircase leading down.
Unknown command.
Aiming: Corrosive Bolt
Press: ? - help, Shift-Dir - straight line, f - glowing orange brain
Aim: a glowing orange brain (haloed, 96% to hit)
The bolt of acid hits the iron troll!
The acid corrodes the iron troll!
The iron troll is lightly wounded.
The bolt of acid hits the glowing orange brain!!
The acid corrodes the glowing orange brain!
The glowing orange brain is heavily wounded.
The now-empty wand crumbles to dust.
The iron troll bites you!
* * * LOW HITPOINT WARNING * * *
You block the iron troll's attack. x2
The glowing orange brain pulsates.
Something gnaws heavily on your mind!
* * * LOW HITPOINT WARNING * * *
You feel your power leaking away.
The iron troll bites you but does no damage.
You block the iron troll's attack. The iron troll misses you.
The iron troll bites you.
* * * LOW HITPOINT WARNING * * *
The iron troll misses you. The iron troll claws you!
You die...

##...# ...###.>.##.# # ....# .
.....#....#...# ..#....
.#....#[#T#T..#
..#.......#..C.#....#..#
..#.......#....#>.⌠..## ##..#.
.#.####.†#..*.Q##
...#.###......GT#...⌠..#
..#.....#.#..G#T#T.G.....
...#.>.<.#.....#@###########.
..#...^...#....######.......
...#.<[<.#.....#....#.......
..#.#....÷#...#.#...#...... ...
.....###.#.........##...... ##...
###.#...#..###..#..#......# .....
..#.......#....#...#....#.##.....
..#.......#....#..##....#........
..#.......#....#..#...##[##......


You could see 2 iron trolls, a stone giant (fleeing), a great orb of eyes, a
glowing orange brain (corroded), 2 deep trolls, a deep troll shaman (summoned,
fleeing), a tengu conjurer (fleeing) and a battlesphere (distracted).

Vanquished Creatures
  Bai Suzhen (Depths:2)
  A caustic shrike (Depths:2)
  Saint Roka (Elf:2)
  2 bone dragons (Abyss:3)
  Rupert (Lair:4)
  A lich (Abyss:3)
  2 deep elf master archers (Elf:3)
  2 deep elf blademasters (Elf:3)
  A quicksilver dragon (Depths:2)
  A tentacled starspawn (Abyss:3)
  A shadow dragon (Depths:2)
  A revenant (Abyss:3)
  2 frost giants (Depths:1)
  4 deep elf sorcerers
  A balrug (Abyss:3)
  4 deep elf elementalists (Elf:3)
  The ghost of Biggs the Black Belt, a journeyman HuFi of Wu Jian (Lair:5)
  A spriggan defender (Depths:2)
  4 stone giants
  A vampire knight (Depths:2)
  8 very ugly things
  4 deep elf death magi (Elf:3)
  A war gargoyle (Depths:1)
  A minotaur (Gauntlet)
  A spark wasp (Depths:2)
  5 deep elf annihilators (Elf:3)
  An eidolon (Depths:1)
  The ghost of ForkInBrain the Grappler, a journeyman GrSh of Beogh (Orc:1)
  5 ettins
  A blizzard demon (Abyss:3)
  An entropy weaver (Depths:2)
  2 fire dragons
  A quicksilver dragon zombie (Abyss:3)
  A rakshasa (Depths:1)
  2 deep elf high priests (Elf:3)
  4 great orbs of eyes
  A vault guard (D:13)
  A hell beast (Depths:1)
  3 ice dragons
  A spriggan skeleton (Abyss:3)
  7 ogre magi
  A spriggan air mage (Depths:2)
  A salamander tyrant (Depths:1)
  3 catoblepae
  2 hydras
  2 boulder beetles
  5 centaur warriors
  28 dancing weapons
  2 deep troll earth magi
  2 deep troll shamans
  33 two-headed ogres
  An occultist (Depths:2)
  11 tengu warriors
  4 orc high priests
  23 deep elf knights
  A hell hog (Gauntlet)
  6 thrashing horrors (Abyss:3)
  3 spriggan berserkers (Depths:2)
  6 hell knights
  Nergalle (Lair:2)
  A spectral death yak (Lair:5)
  An iron troll (Depths:1)
  A wretched star (Abyss:3)
  A spark wasp zombie (Depths:2)
  12 deep elf archers
  2 skysharks (Lair:5)
  3 deep trolls (Depths:1)
  5 glowing orange brains
  An arcanist (D:15)
  A flayed ghost (Depths:1)
  A deep troll (shapeshifter) (Depths:2)
  A spectral hydra (Lair:5)
  A swamp dragon (Lair:5)
  6 thermic dynamos
  A lindwurm (shapeshifter) (D:14)
  26 deep elf pyromancers
  33 deep elf zephyrmancers
  An obsidian bat (Orc:1)
  4 necromancers
  23 ugly things
  3 manticores
  An orc knight (Bailey)
  3 orc sorcerers
  An oklob plant (D:10)
  A moth of wrath (Gauntlet)
  2 wolf spiders
  4 cyclopes
  20 elephants
  A kobold blastminer (Orc:2)
  A black mamba (shapeshifter) (D:14)
  A guardian serpent (Lair:5)
  2 merfolk sirens (Lair:3)
  9 black mambas
  A rust devil (Abyss:3)
  2 smoke demons
  A torpor snail (Lair:5)
  18 cane toads
  13 large abominations (Abyss:3)
  A hellion (Abyss:3)
  2 kobold demonologists
  A yaktaur (shapeshifter) (D:14)
  A centaur skeleton (Abyss:3)
  A rime drake (Lair:2)
  7 komodo dragons
  An efreet (D:15)
  4 tengu conjurers
  5 ancient zymes (Abyss:3)
  A freezing wraith (D:14)
  A hellwing (Abyss:3)
  A wolf spider simulacrum (D:15)
  A polar bear (Lair:1)
  A troll (shapeshifter) (D:14)
  A harpy skeleton (Abyss:3)
  2 merfolk (Lair:3)
  6 hornets
  7 trolls
  A raiju (Abyss:3)
  A dream sheep (shapeshifter) (Elf:3)
  Prince Ribbit (D:7)
  Grinder (D:6)
  6 dream sheep (Lair:3)
  12 blink frogs
  7 slime creatures
  A spectral black mamba (Lair:5)
  A culicivora (shapeshifter) (Elf:2)
  65 yaks
  6 air elementals
  14 wyverns
  2 water elementals (Elf:3)
  5 fire bats
  A spectral komodo dragon (Lair:5)
  2 wraiths
  A human (shapeshifter) (D:13)
  5 basilisks
  2 wargs
  A fire elemental (Elf:2)
  3 vampire mosquitoes (D:15)
  A death yak simulacrum (Lair:5)
  5 steam dragons
  Menkaure (D:7)
  A chaos spawn (Abyss:3)
  5 nagas (Lair:2)
  3 acid dragons
  13 water moccasins
  3 hell hounds (Gauntlet)
  A spectral torpor snail (Lair:5)
  3 black bears
  37 orc warriors
  3 swamp drakes
  A redback (shapeshifter) (Depths:2)
  A sky beast (D:7)
  35 ogres
  2 small abominations (Abyss:3)
  6 laughing skulls
  18 centaurs
  20 wolves
  2 phantoms (D:5)
  2 kobold brigands
  2 weeping skulls (Abyss:3)
  Blork the orc (D:6)
  10 bullfrogs
  6 scorpions
  4 earth elementals
  2 gnoll sergeants (D:5)
  9 wights
  An oklob sapling (D:10)
  10 killer bees
  4 electric eels
  3 howler monkeys
  4 jellies (Lair:4)
  3 crimson imps
  A komodo dragon simulacrum (Lair:5)
  18 orc priests
  2 gnoll boudas
  18 starcursed masses (Abyss:3)
  6 hounds
  2 sleepcaps
  Ijyb (D:3)
  35 orc wizards
  7 iguanas
  12 adders
  13 gnolls
  2 white imps
  6 ufetubi
  A ribbon worm (D:4)
  4 dart slugs
  92 orcs
  9 ball pythons
  9 endoplasms
  7 giant cockroaches
  A goblin (D:4)
  4 hobgoblins
  4 quokkas
  5 bats
  3 frilled lizards
  15 kobolds
  3 rats
  A starspawn tentacle (Abyss:3)
1114 creatures vanquished.

Vanquished Creatures (collateral kills)
  A bone dragon (Abyss:3)
  Jorgrun (Elf:2)
  A shard shrike skeleton (Abyss:3)
  4 tentacled starspawn (Abyss:3)
  An Executioner (Abyss:3)
  A shadow dragon (Depths:2)
  A frost giant (Depths:2)
  A deep elf elementalist (Elf:3)
  A very ugly thing (Abyss:3)
  A stone giant (Depths:2)
  6 deep elf demonologists (Elf:3)
  3 deep elf death magi (Elf:3)
  2 deep elf annihilators (Elf:3)
  A vampire knight (Depths:2)
  A boulder beetle (Abyss:3)
  8 dancing weapons
  2 occultists (Depths:2)
  A titan zombie (Abyss:3)
  A hell knight (Depths:1)
  5 thrashing horrors (Abyss:3)
  A sun demon (Abyss:3)
  3 deep elf knights (Elf:2)
  A shadow wraith (Abyss:3)
  3 wretched stars (Abyss:3)
  A deep troll (Depths:2)
  A sea snake (shapeshifter) (Depths:2)
  4 deep elf zephyrmancers
  3 deep elf pyromancers (Elf:2)
  5 large abominations (Abyss:3)
  An apocalypse crab (Abyss:3)
  A smoke demon (Abyss:3)
  An efreet (Abyss:3)
  An ancient zyme (Abyss:3)
  A raiju (Abyss:3)
  A ynoxinul (Abyss:3)
  A small abomination (Abyss:3)
  A neqoxec (Abyss:3)
  5 orc warriors (Elf:2)
  2 laughing skulls (Abyss:3)
  9 starcursed masses (Abyss:3)
  An ufetubus (Abyss:3)
  A lurking horror (Abyss:3)
  A starspawn tentacle (Abyss:3)
92 creatures vanquished.

Vanquished Creatures (others)
  A deep elf zephyrmancer (Elf:2)
  A deep elf pyromancer (Elf:2)
  An orc wizard (D:5)
  25 spectral weapons
  12 starspawn tentacles (Abyss:3)
40 creatures vanquished.

Grand Total: 1246 creatures vanquished

Notes
Turn   | Place    | Note
-------+----------+-------------------------------------------
     0 | D:1      | MrSquiggles the Gargoyle Fighter began the quest for the
                  | Orb.
     0 | D:1      | Reached XP level 1. HP: 14/14 MP: 1/1
   230 | D:1      | Reached XP level 2. HP: 19/19 MP: 2/2
   751 | D:1      | You fall into a shaft and drop 1 floor!
   826 | D:2      | Reached XP level 3. HP: 20/23 MP: 3/3
  1058 | D:2      | Reached XP level 4. HP: 28/28 MP: 4/4
  1566 | D:3      | Identified 3 scrolls of acquirement
  1566 | D:3      | Acquired 890 gold pieces
  1567 | D:3      | Acquired the amulet "Dyasotz" {Acrobat -Tele rC+++ Regen+
                  | rCorr}
  1568 | D:3      | Acquired the +0 buckler "Bupi" {Dex+3}
  1635 | D:3      | Reached skill level 1 in Dodging
  1694 | D:3      | Reached XP level 5. HP: 33/33 MP: 5/5
  1813 | D:3      | Found a broken altar of Ashenzari.
  1850 | D:3      | Noticed Ijyb
  1932 | D:3      | Killed Ijyb
  1933 | D:3      | Reached XP level 6. HP: 38/38 MP: 6/6
  2241 | D:3      | Found a white marble altar of Elyvilon.
  3080 | D:4      | Found a glowing golden altar of the Shining One.
  3081 | D:4      | Found an ornate altar of the Wu Jian Council.
  3188 | D:5      | Entered Level 5 of the Dungeon
  3197 | D:4      | Became a worshipper of the Shining One
  3281 | D:5      | Reached XP level 7. HP: 40/44 MP: 7/7
  3414 | D:5      | Found a staircase to the Ecumenical Temple.
  3509 | D:5      | Reached skill level 5 in Armour
  3580 | D:5      | Reached skill level 5 in Fighting
  3591 | D:5      | Reached skill level 5 in Shields
  3591 | D:5      | Reached XP level 8. HP: 35/49 MP: 8/8
  3616 | D:5      | Reached skill level 5 in Long Blades
  4256 | D:6      | Noticed Maggie
  4256 | D:6      | Reached * piety under the Shining One
  4317 | D:6      | Noticed Blork the orc
  4332 | D:6      | Killed Blork the orc
  4370 | D:5      | Reached skill level 1 in Invocations
  4494 | D:6      | Noticed Grinder
  4518 | D:6      | Paralysed by Grinder for 2 turns
  4606 | D:6      | Reached XP level 9. HP: 55/55 MP: 10/10
  5300 | D:6      | Killed Grinder
  5458 | D:6      | Found Ylumib's Assorted Antiques.
  5559 | D:6      | Bought a lightning rod (4/4) for 920 gold pieces
  5689 | D:7      | Noticed a kobold demonologist
  5693 | D:7      | Noticed a hellwing
  5701 | D:7      | Killed a kobold demonologist
  5735 | D:7      | Noticed Menkaure
  5753 | D:7      | Killed Menkaure
  5754 | D:7      | Reached skill level 1 in Evocations
  5878 | D:7      | Noticed a hornet
  5880 | D:7      | Killed a hornet
  6056 | D:7      | Noticed Prince Ribbit
  6073 | D:7      | Killed Prince Ribbit
  6239 | D:7      | Reached XP level 10. HP: 62/63 MP: 11/11
  6982 | D:8      | Reached ** piety under the Shining One
  7021 | D:8      | Noticed a two-headed ogre
  7025 | D:8      | Killed a two-headed ogre
  7044 | D:8      | Reached skill level 5 in Dodging
  7749 | D:9      | Found a runed translucent gate.
  7749 | D:9      | Found a runed translucent gate.
  7749 | D:9      | Found a runed translucent gate.
  7897 | D:9      | Noticed retardedninja's ghost (journeyman MDFi)
  7900 | D:9      | Identified the +0 plate armour of Temperance {rN+}
  7934 | D:9      | Noticed a kobold demonologist
  7948 | D:9      | Killed a kobold demonologist
  7977 | D:9      | Reached *** piety under the Shining One
  8128 | D:9      | Reached XP level 11. HP: 68/68 MP: 12/12
  8210 | D:9      | Found a staircase to the Lair.
  8404 | D:9      | Found a staircase to the Orcish Mines.
  8706 | D:9      | Found a roughly hewn altar of Beogh.
  8789 | D:8      | You fall into a shaft and drop 3 floors!
  8945 | D:11     | Found a roughly hewn altar of Beogh.
  9073 | D:11     | Found a gate leading to a gauntlet.
  9082 | Gauntlet | Entered a Gauntlet
  9082 | Gauntlet | Found a transporter.
  9082 | Gauntlet | Found a transporter.
  9105 | Gauntlet | Found a transporter.
  9105 | Gauntlet | Found a transporter.
  9110 | Gauntlet | Noticed a moth of wrath
  9114 | Gauntlet | Found a transporter.
  9133 | Gauntlet | Found a transporter.
  9142 | Gauntlet | Noticed a hell hog
  9143 | Gauntlet | Found a transporter.
  9143 | Gauntlet | Found a transporter.
  9150 | Gauntlet | Reached **** piety under the Shining One
  9167 | Gauntlet | Found a transporter.
  9174 | Gauntlet | Found a transporter.
  9186 | Gauntlet | Found a transporter.
  9204 | Gauntlet | Found a transporter.
  9249 | Gauntlet | Found a transporter.
  9263 | Gauntlet | Found a transporter.
  9365 | Gauntlet | Found a transporter.
  9381 | Gauntlet | Found a transporter.
  9386 | Gauntlet | Noticed a catoblepas
  9808 | Gauntlet | Killed a moth of wrath
  9840 | Gauntlet | Identified the +4 pair of gloves of the Spheres {rPois
                  | Str+2 Int+5}
  9937 | Gauntlet | Killed a hell hog
  9949 | Gauntlet | Identified the +1 pair of boots "Cumidiufu" {Dex+2}
 10000 | Gauntlet | Noticed a minotaur
 10033 | Gauntlet | Killed a minotaur
 10034 | Gauntlet | Reached skill level 5 in Invocations
 10034 | Gauntlet | Reached skill level 5 in Evocations
 10038 | Gauntlet | Identified the ring "Ytuner" {Ice Str+5 Slay-3}
 10038 | Gauntlet | Identified the +4 scimitar "Abanoni" {chaos, ^Fragile
                  | Str+6}
 10120 | D:11     | Noticed a cyclops
 10135 | D:11     | Killed a cyclops
 10389 | D:11     | Noticed a manticore
 10411 | D:11     | Killed a manticore
 10801 | D:10     | Entered Level 10 of the Dungeon
 10808 | D:10     | Found a flagged portal.
 10891 | D:10     | Reached XP level 12. HP: 44/76 MP: 16/16
 11001 | Bailey   | Entered a bailey
 11194 | Bailey   | Found a large runed translucent door.
 11194 | Bailey   | Found a large runed translucent door.
 11232 | Bailey   | Reached skill level 10 in Long Blades
 11777 | D:10     | Identified the +6 scale mail of the Midnight Sun {Rampage
                  | Will+ rCorr SInv}
 11947 | D:10     | Found a shadowy altar of Dithmenos.
 11947 | D:10     | Found a snail-covered altar of Cheibriados.
 11947 | D:10     | Found a basalt altar of Yredelemnul.
 11947 | D:10     | Found a radiant altar of Vehumet.
 11953 | D:10     | Found an opulent altar of Gozag.
 11953 | D:10     | Found a hide-covered altar of Uskayaw.
 12211 | D:9      | Identified the -2 hat of the Kangaroo {Rampage rC+ rN+
                  | Str-5}
 12516 | D:10     | Got the Quarto of Nature
 12712 | Lair:1   | Entered Level 1 of the Lair of Beasts
 13197 | Lair:1   | Reached skill level 10 in Shields
 13819 | Lair:2   | Noticed Nergalle
 13824 | Lair:2   | Killed Nergalle
 13881 | Lair:2   | Reached XP level 13. HP: 80/80 MP: 19/19
 14760 | Lair:2   | Found a staircase to the Snake Pit.
 15118 | Lair:3   | Identified the +1 robe "Ydaoprih" {Rampage +Inv rPois rF-}
 15258 | Lair:3   | Found a staircase to the Shoals.
 15791 | Lair:4   | Noticed Rupert
 15803 | Lair:4   | Killed Rupert
 15994 | Lair:4   | Found a viscous altar of Jiyva.
 16002 | Lair:4   | Found a staircase to the Slime Pits.
 16527 | Lair:5   | Entered Level 5 of the Lair of Beasts
 16653 | Lair:5   | Gained mutation: Your large and strong wings let you fly.
                  | [Gargoyle growth]
 16653 | Lair:5   | Reached XP level 14. HP: 77/86 MP: 20/20
 17034 | Lair:5   | Found a runed translucent gate.
 17034 | Lair:5   | Found a runed translucent gate.
 17040 | Lair:5   | Found a runed translucent gate.
 17177 | Lair:5   | Reached skill level 15 in Shields
 17480 | Lair:5   | Noticed Biggs's ghost (journeyman HuFi)
 18266 | Lair:5   | Reached XP level 15. HP: 90/90 MP: 20/23
 18691 | Lair:5   | Identified the +1 dagger of the Messenger {antimagic,
                  | *Corrode Str+6 Dex+5}
 18932 | Lair:5   | Killed Biggs's ghost
 18960 | Lair:5   | Reached XP level 16. HP: 85/96 MP: 24/24
 19183 | Orc:1    | Entered Level 1 of the Orcish Mines
 19183 | Orc:1    | Found Tidyffet's Antique Weapon Boutique.
 19332 | Orc:2    | Entered Level 2 of the Orcish Mines
 19550 | Orc:2    | Found a staircase to the Elven Halls.
 19743 | Orc:2    | Paralysed by an ogre mage for 5 turns
 20301 | Orc:2    | Found Ryaqylud's Assorted Antiques.
 20301 | Orc:2    | Found Sysoel's Magic Scroll Boutique.
 20301 | Orc:2    | Found Efom's Antique Weapon Shop.
 20301 | Orc:2    | Found Xiaf's Weapon Emporium.
 20702 | Orc:1    | Found a runed translucent door.
 20712 | Orc:1    | Noticed ForkInBrain's ghost (journeyman GrSh)
 20908 | Orc:1    | Killed ForkInBrain's ghost
 20989 | Orc:2    | Bought a lumpy puce potion for 26 gold pieces
 20989 | Orc:2    | Bought a tapered glass wand for 116 gold pieces
 20998 | Orc:2    | Bought a scroll of summoning for 123 gold pieces
 20998 | Orc:2    | Bought a scroll of fear for 52 gold pieces
 20998 | Orc:2    | Bought a scroll of vulnerability for 52 gold pieces
 21840 | D:13     | Found a radiant altar of Vehumet.
 21910 | D:13     | Found a gate to the Vaults.
 23250 | D:15     | Entered Level 15 of the Dungeon
 23386 | D:15     | Reached XP level 17. HP: 100/100 MP: 25/25
 23503 | D:15     | Noticed Roxanne
 23633 | D:15     | Reached skill level 10 in Fighting
 23694 | D:15     | Reached skill level 10 in Armour
 23825 | D:15     | Found a staircase to the Depths.
 23968 | D:15     | Found a white marble altar of Elyvilon.
 24271 | Depths:1 | Entered Level 1 of the Depths
 24337 | Depths:1 | Reached skill level 10 in Evocations
 24487 | Depths:1 | Reached ***** piety under the Shining One
 24540 | Depths:1 | Reached skill level 10 in Dodging
 24845 | Depths:1 | Found a transporter.
 24850 | Depths:1 | Found a transporter.
 24865 | Depths:1 | Found a transporter.
 25371 | Depths:1 | Found a transporter.
 25414 | Depths:1 | Found a gateway to Hell.
 25885 | Elf:1    | Entered Level 1 of the Elven Halls
 25917 | Elf:1    | Reached XP level 18. HP: 110/110 MP: 27/27
 26194 | Elf:1    | Got the Volume of the Jaunt
 26217 | Elf:1    | Paralysed by an air elemental for 1 turns
 26521 | Elf:1    | Paralysed by an air elemental for 1 turns
 27094 | Elf:2    | Noticed Saint Roka
 27111 | Elf:2    | Killed Saint Roka
 27383 | Elf:2    | Found a runed translucent gate.
 27384 | Elf:2    | Found a runed translucent gate.
 27384 | Elf:2    | Found a runed translucent gate.
 27403 | Elf:2    | Found a portal to a secret trove of treasure.
 27519 | Elf:2    | Paralysed by an air elemental for 1 turns
 27781 | Elf:2    | Noticed Jorgrun
 27790 | Elf:2    | Killed Jorgrun
 27942 | Elf:2    | Reached XP level 19. HP: 116/116 MP: 29/29
 28259 | Elf:3    | Entered Level 3 of the Elven Halls
 28320 | Elf:3    | Reached skill level 15 in Invocations
 28788 | Elf:3    | Identified the +0 robe "Kodgheul" {rF+}
 28929 | Elf:3    | Identified the +3 dire flail "Ecokh" {freeze, rC+ Str+2}
 28929 | Elf:3    | Identified the ring of the Chewing Gods {rElec rF+ Str+6
                  | Dex-2 Slay-2}
 28954 | Elf:3    | Identified the +8 rapier of Disgust {freeze, *Rage rElec
                  | rCorr Stlth+}
 28954 | Elf:3    | Identified the orb of Forking Paths {*Rage, rPois Fire}
 28956 | Elf:3    | Identified the ring "Lawib" {+Blink rPois Dex+2 Slay+3}
 28973 | Elf:3    | Identified the +7 falchion "Nilouh" {drain, Str+3}
 28973 | Elf:3    | Identified the +6 chain mail of Ru's Felicitations {Int+3}
 28978 | Elf:3    | Identified the ring "Houmuit" {Wiz rF++}
 28998 | Elf:3    | Identified the +10 long sword "Vyliucw" {heavy, Will+}
 29290 | Elf:3    | Identified the amulet "Zuosonag" {Faith rPois rC+}
 29610 | Abyss:3  | Cast into level 3 of the Abyss (a deep elf demonologist)
 29860 | Abyss:3  | Gained mutation: You are clumsy. (Dex -2) [a neqoxec]
 30007 | Abyss:3  | Reached XP level 20. HP: 117/126 MP: 19/31
 30008 | Abyss:3  | Paralysed by accursed screaming for 1 turns
 30025 | Elf:3    | Escaped the Abyss
 30155 | Elf:3    | Identified the +4 robe of Zaumi {Will+ Int-2 Slay+4}
 30179 | Abyss:3  | Cast into level 3 of the Abyss (a deep elf demonologist)
 30192 | Abyss:3  | Noticed a bone dragon
 30216 | Abyss:3  | Killed a bone dragon
 30300 | Abyss:3  | Found a corrupted altar of Lugonu.
 30401 | Abyss:3  | Noticed a bone dragon
 30431 | Abyss:3  | Killed a bone dragon
 30484 | Abyss:3  | Noticed a bone dragon
 30496 | Abyss:3  | Killed a bone dragon
 30591 | Elf:3    | Escaped the Abyss
 30678 | Elf:3    | Identified the +10 shortbow of Capital Punishment {freeze,
                  | Fly rElec rPois}
 30698 | Elf:3    | Got the Folio of Azoth and Blasting
 31719 | Abyss:3  | Cast into level 3 of the Abyss (an occultist)
 31870 | Abyss:3  | Reached ****** piety under the Shining One
 31911 | Abyss:3  | Reached skill level 15 in Fighting
 31927 | Abyss:3  | Reached skill level 15 in Armour
 31947 | Depths:2 | Escaped the Abyss
 32011 | Depths:2 | Noticed Bai Suzhen
 32023 | Depths:2 | Paralysed by a vampire knight for 4 turns
 32066 | Depths:2 | Killed Bai Suzhen
 32318 | Depths:2 | Found the +2 hat of the Bear Spirit {Spirit, Bear, *Rage
                  | Will++}
 32461 | Depths:2 | Reached skill level 15 in Dodging
 32647 | Depths:2 | Noticed a caustic shrike
 32678 | Depths:2 | Killed a caustic shrike
 32679 | Depths:2 | Reached XP level 21. HP: 133/134 MP: 27/32
 32728 | Depths:2 | Identified the +0 scale mail of Eddac {Rampage rElec Str+2
                  | Stlth+}
 32878 | Depths:2 | Found a one-way gate leading to the halls of Pandemonium.
 32935 | Depths:2 | Slain by an iron troll

Illustrated notes

Levels and vault maps discovered:
D:1:      dpeg_arrival_circle_labyrinth_c, layout_basic
D:2:      layout_loops_ring
D:3:      layout_loops_ring, mainiacjoe_overflow_chevrons,
          nicolae_ashenzari_panopticon, uniq_ijyb
D:4:      layout_cave_pools, chequers_temple_overflow_statue_of_worship
D:5:      layout_basic, minmay_temple_entry_ruins, minmay_increasing_density
D:6:      layout_cave_pools, serial_shops, nicolae_shop_hallway_stairs,
          uniq_grinder, uniq_blork_the_orc, uniq_maggie
D:7:      layout_loops_ring, kennysheep_minor_cross, uniq_menkaure,
          uniq_prince_ribbit1
D:8:      layout_basic
D:9:      layout_irregular_city, dpeg_oklobed_lair, erik_orc_2,
          biasface_ghost_orc_armoury
D:10:     layout_irregular_city, minmay_overflow_temple_hex, enter_bailey_2,
          chequers_garden, introduction_to_nature_2
D:11:     layout_basic, gauntlet_entry_generic, special_room [special_room_orc]
D:12:     layout_basic
D:13:     layout_rooms, erik_vaults_1, vehumet_statue
D:14:     layout_gridville, amethyst_killhole, hangedman_abyss_or_decor_clamps
D:15:     hangedman_depths_entry_civil_slaughter, layout_loops_ring,
          elyvilon_altar_1, lightli_wizard_tower, uniq_roxanne
Lair:1:   layout_regular_city, gammafunk_lair_bear_cave
Lair:2:   layout_hall_layers, minmay_snake_entry_guardpost_medium,
          columned_hall_lemuel, uniq_nergalle
Lair:3:   layout_chaotic_city, elwin_shoals_entry_stream
Lair:4:   layout_roguey, slime_entry_2, grunt_megastairs_1, uniq_rupert
Lair:5:   guppyfry_lair_end_dragon, layout_regular_city,
          hangedman_lair_tendril_chambers, gammafunk_ghost_necromancy,
          infiniplex_staircase_pool
Orc:1:    layout_caves, ebering_ghost_reflecting_pool, serial_shops, shop
Orc:2:    st_orc_ogre_mass, layout_caves
Elf:1:    nicolae_elf_arrival_no_cutting_in_line, layout_onion_city,
          evilmike_minifort, grunt_ministairs_6
Elf:2:    nicolae_elf_blades_crystal_corner, layout_geoelf_diagonals,
          enter_trove_2, grunt_ministairs_12, minmay_strange_pillars,
          uniq_saint_roka, uniq_jorgrun
Elf:3:    grunt_elf_hall_spiral, layout_geoelf_diagonals,
          kilobyte_mutagenic_chamber
Depths:1: layout_basic, grunt_mini_vestibule, hex_large,
          minmay_misc_feat_encased, minmay_statues_item,
          nicolae_transporter_circle
Depths:2: hangedman_pleasuredromes, pan_entry, hell_entry, uniq_bai_suzhen

Skill      XL: |  1  2  3  4  5  6  7  8  9 10 11 12 13 14 15 16 17 18 19 20 |
---------------+-------------------------------------------------------------+-----
Long Blades    | 2 3 4 6 7 9 11 13 14 | 14.0
Dodging        | 1 2 3 4 5 6 9 10 11 13 15 | 15.0
Armour         | 4 5 6 7 9 11 12 13 15 | 15.0
Shields        | 4 5 6 8 9 11 13 15 | 15.0
Fighting       | 4 5 6 7 8 9 11 12 13 15 | 15.9
Invocations    | 1 2 6 9 11 13 14 15 | 15.0
Evocations     | 2 3 5 6 7 9 10 12 | 12.0

Action                     |  1- 3 |  4- 6 |  7- 9 | 10-12 | 13-15 | 16-18 | 19-21 || total
---------------------------+-------+-------+-------+-------+-------+-------+-------++-------
  Melee: Long sword        |    98 |   176 |   303 |    89 |       |   410 |       ||  1076
         Unarmed           |       |    23 |       |       |       |       |     8 ||    31
         Falchion          |       |       |       |   886 |   922 |   432 |       ||  2240
         Scimitar          |       |       |       |       |       |   434 |   928 ||  1362
   Fire: Orcbow            |       |       |       |     6 |       |       |       ||     6
  Throw: Dart              |       |    17 |    91 |   159 |     9 |   175 |    20 ||   471
         Boomerang         |       |       |       |       |     2 |       |       ||     2
 Invoke: Divine Shield     |       |       |     1 |    12 |     8 |    14 |     9 ||    44
         Cleansing Flame   |       |       |       |     2 |     6 |     5 |    11 ||    24
         Summon Divine War |       |       |       |       |       |     3 |    15 ||    18
  Evoke: Wand              |       |     2 |     6 |    29 |     1 |     8 |    17 ||    63
         Lightning rod     |       |       |     5 |    17 |     6 |    12 |    12 ||    52
         Phantom mirror    |       |       |       |       |     1 |     3 |     2 ||     6
    Use: Potion            |     1 |     1 |     3 |     7 |     2 |     4 |    13 ||    31
         Scroll            |       |    12 |     4 |     7 |     4 |    11 |     8 ||    46
 Armour: Scale mail        |    90 |    60 |       |   117 |   469 |   291 |       ||  1027
         Plate armour      |       |    94 |     2 |       |       |       |       ||    96
         Skin              |       |    12 |       |       |       |       |       ||    12
         Ring mail         |       |       |   235 |   381 |    18 |       |       ||   634
         Leather armour    |       |       |       |    41 |       |       |       ||    41
         Fire dragon scale |       |       |       |       |       |   191 |   415 ||   606
  Dodge: Dodged            |    47 |    80 |   188 |   461 |   378 |   509 |   496 ||  2159
  Block: Buckler           |    32 |    57 |    12 |       |       |       |       ||   101
         Kite shield       |       |       |   160 |   691 |   915 |   986 |   735 ||  3487

Table legend: (Time is in decaauts)
 A = Elapsed time spent in this place.
 B = Non-inter-level travel time spent in this place.
 C = Inter-level travel time spent in this place.
 D = Time resting spent in this place.
 E = Time spent auto-exploring this place.
 F = Levels seen in this place.
 G = Mean time per level.
                   A        B        C        D        E       F      G
               +--------+--------+--------+--------+--------+-----+--------+
         Total |  32581 |  30155 |   2426 |   2102 |  16777 |  32 | 1018.2 |
       Dungeon |  15055 |  13587 |   1468 |    505 |   8501 |  15 | 1003.7 |
          Lair |   6288 |   5992 |    296 |    514 |   3294 |   5 | 1257.6 |
  Orcish Mines |   1919 |   1672 |    247 |      0 |   1088 |   2 |  959.5 |
   Elven Halls |   4077 |   3835 |    242 |    289 |   1958 |   3 | 1359.0 |
        Depths |   2861 |   2689 |    172 |    405 |   1359 |   2 | 1430.5 |
         Abyss |    985 |    985 |      0 |      0 |    270 |   3 |  328.3 |
        Bailey |    381 |    381 |      0 |      0 |      0 |   1 |  381.0 |
      Gauntlet |   1012 |   1012 |      0 |    388 |    307 |   1 | 1012.0 |
               +--------+--------+--------+--------+--------+-----+--------+

Top non-repeatable levels by time:
  Lair:5: 2418 daAuts
Depths:1: 1806 daAuts
     D:9: 1693 daAuts
   Elf:3: 1585 daAuts
  Lair:2: 1380 daAuts
     D:5: 1354 daAuts
    D:10: 1348 daAuts
   Elf:2: 1275 daAuts
   Orc:2: 1229 daAuts
     D:3: 1225 daAuts
   Elf:1: 1217 daAuts
     D:7: 1139 daAuts
     D:1: 1097 daAuts
    D:15: 1095 daAuts
Depths:2: 1054 daAuts
